 Dungeon Crawl Stone Soup version 0.17.1-2-g5865329 (webtiles) character file.

1225 Jerry the Ducker (level 8, -5/45 HPs)
             Began as a Deep Elf Hunter on Jan 29, 2016.
             Slain by a killer bee (6 damage)
             ... on level 7 of the Dungeon.
             The game lasted 00:25:15 (5503 turns).

Jerry the Ducker (Deep Elf Hunter)                  Turns: 5503, Time: 00:25:16

Health: -5/45      AC:  4    Str:  9    XL:     8   Next: 23%
Magic:  10/10      EV: 16    Int: 17    God:
Gold:   378        SH:  5    Dex: 17    Spells: 0 memorised, 7 levels left

rFire  + . .     SeeInvis .     f - +2 hunting sling (flame)
rCold  . . .     Clarity  .     c - +0 leather armour
rNeg   . . .     SustAt   .     s - +0 buckler
rPois  .         Gourm    .     (no helmet)
rElec  .         Spirit   .     o - +0 cloak
rCorr  .         Warding  .     (no gloves)
rMut   .         Stasis   .     (no boots)
MR     .....                    (no amulet)
Stlth  ++........               (no ring)
                                v - ring of protection from fire

@: lethally poisoned (-5 -> -7), not resistant to hostile enchantments,
unstealthy
A: no striking features
a: no special abilities


You were on level 7 of the Dungeon.
You were very hungry.

You visited 2 branches of the dungeon, and saw 8 of its levels.

You collected 378 gold pieces.

Inventory:

Hand Weapons
 b - a +0 short sword
 f - a +2 hunting sling of flaming (weapon)
 u - a +2 dagger of speed
Missiles
 k - 112 stones (quivered)
Armour
 c - a +0 leather armour (worn)
 o - a +0 cloak (worn)
 s - a +0 buckler (worn)
Jewellery
 v - a ring of protection from fire (left hand)
Wands
 y - a wand of heal wounds (7)
Scrolls
 a - 5 scrolls of identify
 i - 2 scrolls of enchant armour {unknown}
 p - a scroll of random uselessness {unknown}
 r - a scroll of magic mapping {unknown}
 t - 3 scrolls of remove curse {unknown}
 x - 2 scrolls of amnesia {unknown}
 C - a scroll of noise {unknown}
Potions
 g - 4 potions of curing {unknown}
 l - a potion of agility {unknown}
 m - a potion of mutation {unknown}
 q - a potion of degeneration {unknown}
 z - a potion of berserk rage {unknown}
 A - a potion of lignification {unknown}
 B - 2 potions of resistance {unknown}
Books
 e - a book of Enchantments

   Spells                             Type                      Level
   a - Cause Fear                     Hexes                        4
   b - Silence                        Hexes/Air                    5
   c - Deflect Missiles               Charms/Air                   6
   d - Haste                          Charms                       6
   e - Discord                        Hexes                        8
Comestibles
 h - a fruit
 j - 7 meat rations
 n - a royal jelly
 w - 2 bread rations


   Skills:
 - Level 2.4 Fighting
 + Level 5.1 Slings
 + Level 6.6 Dodging
 - Level 3.0 Stealth
 * Level 4.9 Shields


You had 7 spell levels left.
You didn't know any spells.

Dungeon Overview and Level Annotations

Branches:
Dungeon (7/15)             Temple (1/1) D:4

Altars:
Elyvilon
Fedhas
Gozag
Kikubaaqudgha
Makhleb
Nemelex Xobeh
Ru
Sif Muna
Trog
Vehumet
Xom
Yredelemnul
Zin
The Shining One


Message History

Aim: a gnoll sergeant, wielding a spear and wearing a ring mail (heavily wounded)
You shoot a stone. The gnoll shouts!
The stone hits the gnoll sergeant but does no damage.
The gnoll sergeant is heavily wounded.
The killer bee stings you.
* * * LOW HITPOINT WARNING * * *
You are lethally poisoned!
The killer bee poisons you! The killer bee barely misses you.
The gnoll sergeant barely misses you.
An orc comes into view.
Firing (i - inventory):
k - 113 stones (quivered)
Press: ? - help, Shift-Dir - straight line, f/p - gnoll sergeant
Aim: a gnoll sergeant, wielding a spear and wearing a ring mail (heavily wounded)
You shoot a stone.
The stone closely misses the gnoll sergeant.
The orc shouts!
* * * LOW HITPOINT WARNING * * *
You feel sick. The killer bee stings you.
You die...

########
#.gyg..#
#(####@#
#.# #y#
#(# #y#
#(####y.
#.##y.o.
#.##y##.#
#.##.# .#
#.##y# o#
##.##.#


You could see a gnoll sergeant, 4 killer bees, a gnoll and 2 orcs.

Vanquished Creatures
  The ghost of Jerry the Sneak, a novice OpWn (D:5)
  An ice beast (D:5)
  A centaur (D:5)
  A giant frog (D:6)
  A scorpion (D:4)
  4 crimson imps (D:4)
  A wasp zombie (D:6)
  An orc wizard (D:5)
  A hound (D:5)
  An orc priest (D:5)
  2 jellies
  A giant frog skeleton (D:5)
  An iguana (D:5)
  4 worker ants
  A hound skeleton (D:6)
  8 adders
  An ooze (D:2)
  4 adder skeletons
  6 worms
  10 orcs
  9 bats
  4 giant cockroaches
  4 goblins
  8 hobgoblins
  6 kobolds
  2 quokkas
  6 giant newts
  17 jackals
  8 rats
115 creatures vanquished.

Notes
Turn   | Place    | Note
--------------------------------------------------------------
     0 | D:1      | Jerry the Deep Elf Hunter began the quest for the Orb.
     0 | D:1      | Reached XP level 1. HP: 12/12 MP: 3/3
   260 | D:1      | Reached XP level 2. HP: 14/16 MP: 4/4
   914 | D:2      | Reached XP level 3. HP: 21/21 MP: 5/5
  1340 | D:2      | Reached XP level 4. HP: 21/26 MP: 6/6
  2101 | D:3      | Reached skill level 4 in Dodging
  2413 | D:3      | Found a burning altar of Makhleb.
  2418 | D:3      | Found a glowing silver altar of Zin.
  2418 | D:3      | Noticed an angel
  2418 | D:3      | Noticed a green death
  2875 | D:4      | Found a staircase to the Ecumenical Temple.
  2885 | D:4      | Reached skill level 1 in Shields
  2885 | D:4      | Reached XP level 5. HP: 31/31 MP: 7/7
  3059 | D:4      | Found a shimmering altar of Xom.
  3091 | D:4      | Reached XP level 6. HP: 36/36 MP: 8/8
  3491 | D:4      | Reached skill level 5 in Dodging
  3520 | Temple   | Entered the Ecumenical Temple
  3649 | D:5      | Entered Level 5 of the Dungeon
  3667 | D:5      | Found a radiant altar of Vehumet.
  3964 | D:5      | Reached XP level 7. HP: 40/40 MP: 9/9
  4247 | D:5      | Noticed Jerry's ghost (novice OpWn)
  4272 | D:5      | Killed Jerry's ghost
  4272 | D:5      | Reached skill level 6 in Dodging
  4650 | D:5      | Found an opulent altar of Gozag.
  4873 | D:5      | Reached skill level 5 in Slings
  4873 | D:5      | Reached XP level 8. HP: 45/45 MP: 10/10
  4950 | D:5      | Found a sparkling altar of Nemelex Xobeh.
  4951 | D:5      | Found a shimmering altar of Xom.
  5155 | D:6      | Found a glowing golden altar of the Shining One.
  5502 | D:7      | HP: 2/45 [killer bee (3)]
  5503 | D:7      | Slain by a killer bee

Action                   |  1- 3 |  4- 6 |  7- 9 || total
-------------------------+-------+-------+-------++-------
 Fire: Hunting sling     |   119 |   170 |   132 ||   421
  Use: Scroll            |     2 |     1 |       ||     3
  Eat: Chunk             |     1 |     3 |     3 ||     7
       Bread ration      |       |     1 |       ||     1
       Fruit             |       |     1 |     1 ||     2
